Map: Orbital Shipyard (3.1.0 Balance v1.1)

Players

RGJ - Winner!

  • Race: Protoss Protoss
  • League: Silver

ThePhil

  • Race: Terran Terran
  • League: Bronze

VOD

Have the link to the VOD?

Description

Time

  • Played on: Jan. 2, 2016, 6:20 p.m.
  • Length: 43:44
Show
View Real Time Build Order
Export as new Build Order

RGJ Protoss - Winner!

Build Orders:  

Get SALT Encoding   

  12  0:02  Probe (Chrono Boost)  
  13  0:20  Probe (Chrono Boost)  
  14  0:29  Pylon  
  14  0:30  Probe (Chrono Boost)  
  15  0:44  Assimilator  
  15  0:47  Probe (Chrono Boost)  
  16  0:50  Assimilator  
  16  0:58  Probe (Chrono Boost)  
  16  0:59  Gateway  
  17  1:11  Probe (Chrono Boost)  
  18  1:21  Probe (Chrono Boost)  
  19  1:32  Probe (Chrono Boost)  
  20  1:35  Pylon  
  20  1:46  Nexus  
  20  1:55  Cybernetics Core  
  20  2:03  Gateway  
  20  2:08  Probe (Chrono Boost)  
  21  2:19  Probe (Chrono Boost)  
  22  2:29  Probe (Chrono Boost)  
  23  2:34  Adept (Chrono Boost)  
  25  2:39  Warp Gate  
  25  2:49  Probe (Chrono Boost)  
  26  2:57  Adept (Chrono Boost)  
  28  3:00  Probe  
  28  3:01  Adept (Chrono Boost)  
  31  3:12  Probe  
  32  3:19  Pylon  
  32  3:24  Probe  
  33  3:31  Stalker (Chrono Boost)  
  37  3:35  Stalker (Chrono Boost)  
  37  3:36  Probe  
  38  3:49  Probe  
  39  3:59  Robotics Facility  
  39  4:01  Probe  
  40  4:06  Stalker (Chrono Boost), Twilight Council  
  44  4:11  Stalker (Chrono Boost), Gateway  
  44  4:13  Probe  
  44  4:25  Probe  
  45  4:45  Blink  
  45  4:50  Immortal  
  49  4:55  Probe  
  49  4:58  Probe  
  51  5:07  Probe, Assimilator  
  51  5:08  Probe  
  51  5:12  Assimilator  
  53  5:20  Probe  
  54  5:27  Pylon  
  54  5:29  Pylon  
  54  5:42  Pylon  
  54  5:43  Probe  
  54  5:45  Probe, Observer, Pylon  
  54  5:49  Stalker  
  59  5:50  Stalker, Pylon  
  59  5:54  Probe  
  63  5:57  Probe  
  63  6:00  Gateway  
  63  6:03  Gateway  
  63  6:05  Pylon  
  63  6:06  Immortal  
  67  6:12  Forge  
  67  6:14  Forge  
  67  6:17  Forge  
  67  6:20  Probe  
  68  6:25  Probe  
  68  6:31  Probe  
  70  6:37  Stalker  
  70  6:38  Stalker, Probe  
  75  6:40  Stalker  
  75  6:41  Probe  
  75  6:46  Resonating Glaives  
  78  6:56  Photon Cannon  
  78  7:01  Photon Cannon  
  78  7:11  Immortal  
  82  7:18  Photon Cannon  
  82  7:27  Pylon  
  82  7:50  Immortal  
  85  8:12  Photon Cannon  
  85  8:19  Stalker  
  87  8:20  Stalker x3  
  87  8:21  Stalker  
  95  8:27  Dark Shrine  
  95  8:29  Observer, Pylon  
  96  8:34  Gateway  
  96  8:38  Gateway  
  96  8:40  Gateway  
  96  8:44  Gateway  
  96  8:52  Protoss Shields Level 1  
  96  8:53  Protoss Ground Armor Level 1  
  96  8:56  Gateway, Protoss Ground Weapons Level 1  
  96  9:00  Pylon  
  96  9:06  Nexus  
  96  9:09  Assimilator  
  96  9:14  Assimilator  
  96  9:18  Pylon  
  96  9:24  Pylon  
  96  9:34  Warp Prism  
  98  9:51  Photon Cannon  
  98  9:56  Pylon  
  98  10:20  Photon Cannon  
  98  10:24  Pylon  
  98  10:32  Pylon  
  98  10:55  Robotics Bay  
  98  11:04  Dark Templar  
  98  11:05  Dark Templar x3  
  98  11:06  Dark Templar x2  
  98  11:07  Dark Templar x2  
  98  11:08  Dark Templar x2  
  98  12:19  Dark Templar x2  
  98  12:20  Dark Templar x2  
  98  12:21  Dark Templar x2  
  98  12:22  Dark Templar x3  
  114  12:23  Dark Templar  
  118  12:30  Archon  
  118  12:31  Archon  
  118  12:32  Archon  
  118  12:33  Archon  
  118  12:34  Archon  
  116  12:56  Protoss Shields Level 2  
  116  12:58  Protoss Ground Armor Level 2  
  116  13:00  Protoss Ground Weapons Level 2  
  116  13:06  Pylon  
  116  13:12  Probe  
  116  13:15  Pylon  
  117  13:20  Probe  
  117  13:23  Probe  
  117  13:25  Photon Cannon  
  119  13:33  Probe x2  
  121  13:45  Probe  
  122  13:48  Dark Templar  
  122  13:49  Dark Templar x3  
  122  13:50  Dark Templar  
  132  13:57  Dark Templar  
  133  14:07  Archon  
  133  14:08  Archon  
  133  14:09  Archon  
  133  14:15  Nexus  
  133  14:19  Pylon  
  133  14:23  Pylon  
  133  14:27  Pylon  
  133  14:30  Assimilator  
  133  14:36  Assimilator  
  133  14:43  Photon Cannon  
  133  14:45  Photon Cannon  
  133  14:49  Photon Cannon  
  133  14:51  Photon Cannon  
  133  14:53  Photon Cannon  
  133  14:57  Photon Cannon  
  133  14:59  Photon Cannon  
  133  15:01  Photon Cannon  
  133  15:15  Dark Templar x2  
  133  15:16  Dark Templar x2  
  133  15:17  Dark Templar x2  
  133  15:18  Dark Templar x2  
  149  15:23  Archon  
  149  15:24  Archon  
  149  15:25  Archon  
  149  15:26  Archon  
  149  15:41  Protoss Shields Level 3  
  149  16:30  Protoss Ground Armor Level 3  
  149  16:33  Protoss Ground Weapons Level 3  
  149  16:35  Charge  
  149  16:53  Pylon  
  149  16:57  Nexus  
  149  17:17  Pylon  
  149  17:33  Dark Templar  
  149  17:34  Dark Templar x2  
  149  17:35  Dark Templar x2  
  149  17:36  Dark Templar x3  
  165  17:37  Dark Templar  
  165  17:38  Pylon  
  165  17:41  Dark Templar  
  169  17:47  Archon  
  169  17:48  Archon  
  169  17:49  Archon  
  169  17:50  Archon  
  169  17:51  Archon  
  168  18:10  Probe  
  169  18:26  Zealot x2  
  173  18:27  Zealot x3  
  173  18:28  Zealot x2  
  173  18:29  Zealot  
  173  18:30  Zealot x2  
  189  18:46  Probe  
  190  18:50  Pylon  
  190  19:10  Assimilator  
  170  19:55  Zealot  
  170  19:56  Zealot x2  
  170  19:57  Zealot x3  
  170  19:58  Zealot x2  
  170  19:59  Zealot  
  188  20:00  Zealot  
  190  20:17  Assimilator  
  170  20:41  Warp Prism  
  171  21:14  Dark Templar x2  
  171  21:15  Dark Templar x2  
  171  21:16  Dark Templar x2  
  171  21:17  Dark Templar x2  
  171  21:18  Dark Templar x2  
  189  21:23  Archon  
  189  21:24  Archon  
  189  21:25  Archon x2  
  191  21:32  Archon  
  191  22:17  Dark Templar  
  191  22:18  Dark Templar x2  
  191  22:19  Dark Templar  
  68  25:17  Stalker x2  
  68  25:18  Stalker x3  
  68  25:19  Stalker x2  
  68  25:20  Stalker x2  
  68  25:21  Stalker  
  72  25:44  Stargate  
  72  25:47  Stargate  
  72  25:50  Stargate  
  72  25:53  Stargate  
  72  25:55  Stargate  
  72  25:58  Stargate  
  72  26:01  Stargate  
  72  26:09  Stalker x2  
  72  26:10  Stalker x2, Stargate  
  72  26:11  Stalker x2  
  82  26:12  Stalker x2  
  82  26:13  Stalker  
  82  26:14  Stalker  
  92  26:29  Observer  
  93  27:07  Zealot  
  93  27:08  Zealot x2  
  97  27:09  Zealot x2  
  97  27:10  Zealot x3  
  97  27:11  Zealot x2  
  97  27:15  Void Ray x2  
  117  27:16  Void Ray  
  117  27:17  Void Ray x2  
  117  27:18  Void Ray  
  117  27:19  Void Ray  
  117  27:20  Void Ray  
  145  27:58  Void Ray x2  
  149  27:59  Void Ray  
  149  28:00  Void Ray  
  149  28:01  Void Ray  
  149  28:02  Void Ray x2  
  153  28:31  Pylon  
  153  28:39  Assimilator  
  153  28:40  Void Ray  
  157  28:41  Void Ray  
  157  28:42  Void Ray  
  157  28:43  Void Ray x2  
  157  28:44  Void Ray  
  157  28:45  Void Ray  
  181  28:52  Nexus  
  181  28:56  Assimilator  
  181  29:14  Photon Cannon  
  181  29:16  Photon Cannon  
  181  29:23  Protoss Air Armor Level 1, Void Ray  
  185  29:24  Void Ray  
  185  29:25  Void Ray  
  185  29:26  Void Ray  
  197  29:36  Cybernetics Core  
  196  29:53  Void Ray  
  194  30:51  Observer  
  194  30:54  Void Ray  
  177  32:05  Void Ray  
  177  32:06  Void Ray  
  177  32:07  Void Ray  
  175  32:09  Void Ray x2  
  175  32:11  Void Ray  
  175  32:12  Void Ray  
  175  32:14  Void Ray  
  195  32:23  Pylon  
  195  32:26  Pylon  
  195  32:31  Pylon  
  195  32:52  Photon Cannon  
  195  32:54  Photon Cannon  
  195  32:57  Photon Cannon  
  195  33:01  Photon Cannon  
  195  33:05  Photon Cannon  
  195  33:09  Photon Cannon  
  195  33:16  Photon Cannon  
  195  33:34  Pylon  
  195  33:58  Void Ray  
  198  34:18  Pylon  
  198  34:22  Pylon  
  198  34:26  Pylon  
  198  34:29  Pylon  
  198  34:32  Assimilator  
  198  34:34  Assimilator  
  198  34:40  Photon Cannon  
  198  34:41  Photon Cannon  
  198  34:48  Photon Cannon  
  198  34:50  Photon Cannon  
  198  34:52  Photon Cannon  
  198  34:55  Protoss Air Weapons Level 1  
  198  35:11  Nexus  
  198  35:20  Photon Cannon  
  196  35:22  Photon Cannon  
  42  35:57  Stalker x3  
  44  35:58  Stalker x2  
  44  35:59  Stalker x2  
  44  36:00  Stalker x2  
  44  36:01  Stalker  
  56  36:25  Stalker x2  
  56  36:26  Stalker x2  
  56  36:27  Stalker  
  56  36:28  Stalker x2  
  56  36:29  Stalker x2  
  56  36:30  Stalker  
  70  36:55  Stalker x2  
  70  36:56  Stalker x3  
  70  36:57  Stalker x2  
  70  36:58  Stalker x2  
  70  36:59  Stalker  
  90  37:06  Probe  
  91  37:11  Probe  
  92  37:16  Probe  
  92  37:22  Probe  
  94  37:32  Probe  
  94  37:35  Fleet Beacon  
  95  37:40  Photon Cannon  
  95  37:42  Photon Cannon  
  83  37:47  Stalker x2  
  83  37:48  Stalker  
  83  37:49  Stalker x2  
  83  37:50  Stalker x3  
  99  37:51  Stalker x2  
  99  37:56  Observer  
  104  38:17  Observer  
  105  38:26  Stalker x2  
  109  38:27  Stalker x3  
  109  38:28  Stalker x2  
  109  38:29  Stalker  
  109  38:30  Stalker  
  109  38:31  Stalker  
  125  38:38  Observer  
  125  39:01  Stalker x2  
  125  39:02  Stalker x3  
  133  39:03  Stalker x2  
  133  39:04  Stalker x2  
  133  39:05  Stalker  
  133  39:09  Tempest  
  149  39:10  Tempest  
  153  39:28  Assimilator  
  153  39:32  Assimilator  
  153  39:36  Pylon  
  153  39:48  Nexus  
  153  40:12  Stalker x3  
  153  40:13  Stalker x2  
  163  40:14  Stalker  
  163  40:15  Stalker x2  
  163  40:16  Stalker x2  
  163  40:21  Anion Pulse-Crystals  
  173  40:32  Assimilator  
  173  40:35  Assimilator  
  149  41:58  Observer  
  144  42:19  Observer  
Show
View Real Time Build Order
Export as new Build Order

ThePhil Terran 

Build Orders:  

Get SALT Encoding   

  12  0:02  SCV  
  13  0:18  SCV  
  14  0:22  Supply Depot  
  14  0:39  SCV  
  15  0:45  Barracks  
  15  0:51  SCV  
  16  1:01  Supply Depot  
  16  1:06  SCV  
  17  1:38  Command Center  
  17  1:48  SCV  
  17  1:51  Refinery  
  18  1:54  Refinery  
  18  1:57  Marine  
  19  2:15  Engineering Bay  
  19  2:17  SCV  
  20  2:48  Marine  
  21  2:54  SCV  
  21  2:58  SCV  
  23  3:06  Marine  
  24  3:12  Orbital Command  
  25  3:31  Barracks Reactor  
  24  3:44  Factory  
  24  3:53  SCV x2  
  26  4:05  SCV  
  26  4:08  Missile Turret  
  27  4:10  SCV  
  27  4:14  Missile Turret  
  28  4:33  Widow Mine  
  28  4:38  SCV  
  31  4:40  Terran Infantry Weapons Level 1  
  31  4:45  Marine  
  31  4:48  Starport  
  32  4:54  Supply Depot  
  32  4:55  Supply Depot  
  32  4:57  Supply Depot  
  32  5:02  Barracks  
  32  5:06  Barracks  
  32  5:10  SCV x2  
  34  5:14  Missile Turret  
  34  5:16  Missile Turret  
  34  5:18  Missile Turret  
  34  5:22  SCV x2  
  34  5:26  Widow Mine  
  38  5:34  SCV  
  39  5:49  SCV x2  
  43  5:57  Marine x2  
  43  6:00  Barracks Reactor, Barracks Tech Lab  
  43  6:01  SCV x2  
  43  6:02  Starport Reactor  
  47  6:11  Factory Reactor  
  45  6:22  Marine  
  45  6:23  Marine  
  47  6:34  Fusion Core  
  47  6:36  SCV x2  
  47  6:39  Marine x2  
  51  6:40  Marine  
  52  6:48  SCV  
  52  6:51  Orbital Command  
  53  6:55  Refinery  
  53  6:57  Refinery  
  53  7:00  SCV  
  54  7:06  Starport  
  54  7:09  Liberator  
  54  7:12  Liberator  
  54  7:14  SCV, Marine x3  
  54  7:15  Marine  
  59  7:18  Missile Turret, Widow Mine x2  
  69  7:50  Armory  
  69  8:00  Marine  
  69  8:03  Supply Depot  
  69  8:04  Supply Depot x2  
  70  8:05  Terran Infantry Armor Level 1  
  70  8:11  Liberator x2  
  70  8:20  Starport Tech Lab  
  70  8:24  Marine x4, Widow Mine x2  
  84  8:52  Widow Mine, Medivac  
  88  8:56  Marine  
  88  8:58  SCV  
  88  8:59  SCV  
  91  9:08  Marine  
  91  9:09  Marine x2  
  94  9:22  Supply Depot  
  94  9:25  Supply Depot  
  94  9:26  Liberator  
  94  9:43  Medivac  
  94  9:44  Marauder  
  101  9:46  Battlecruiser  
  107  10:12  Marauder  
  109  10:14  Hellion  
  109  10:15  Hellion  
  113  10:23  Viking  
  113  10:26  Viking  
  117  10:33  Marauder  
  119  10:48  Stimpack  
  119  10:51  Battlecruiser  
  119  10:53  Terran Vehicle Weapons Level 1  
  125  11:10  Viking  
  70  12:20  Marine x4  
  70  12:21  Marine  
  75  12:38  Marine x5  
  75  12:39  Widow Mine  
  75  12:40  Widow Mine  
  75  12:43  Battlecruiser  
  90  12:45  Viking x2  
  90  12:49  Combat Shields  
  94  12:55  Marine  
  94  12:57  Liberator  
  95  13:00  Command Center  
  95  13:16  SCV  
  99  13:29  SCV  
  100  13:41  SCV  
  101  13:53  SCV  
  102  14:06  Command Center  
  102  14:12  Battlecruiser  
  108  14:24  SCV  
  108  14:25  Missile Turret  
  108  14:27  SCV  
  110  14:37  SCV, Marine x3  
  110  14:38  Marine x2  
  116  14:39  SCV  
  117  14:46  Missile Turret  
  117  14:49  SCV, Supply Depot  
  117  14:50  Supply Depot  
  117  14:51  Supply Depot  
  118  14:53  Supply Depot  
  118  14:54  Supply Depot, Liberator x2  
  118  15:08  Missile Turret  
  118  15:10  Widow Mine x2  
  118  15:11  Marine  
  129  15:20  Marine x4  
  133  15:29  Marine  
  133  15:30  Missile Turret  
  134  15:37  Marine  
  134  15:39  Widow Mine x2  
  134  15:40  Missile Turret  
  139  15:50  Missile Turret  
  139  15:51  Orbital Command  
  139  16:02  Missile Turret  
  139  16:07  Widow Mine x2  
  143  16:15  SCV  
  144  16:20  Terran Vehicle Weapons Level 2  
  144  16:23  Missile Turret  
  144  16:27  SCV  
  144  16:30  Advanced Ballistics  
  145  16:36  Widow Mine  
  145  16:39  SCV  
  148  16:41  Marine x2  
  148  16:43  Widow Mine  
  152  16:51  SCV  
  153  17:03  SCV  
  153  17:04  Widow Mine  
  156  17:36  Missile Turret  
  156  17:37  Missile Turret  
  156  17:39  Missile Turret  
  156  17:41  SCV  
  156  17:42  SCV x2, Refinery  
  159  17:46  Raven  
  161  17:54  Refinery  
  161  18:03  SCV x2  
  163  18:23  Marine x4  
  163  18:24  Widow Mine x2  
  171  18:39  Supply Depot  
  171  18:43  Supply Depot, Liberator  
  171  18:44  Supply Depot  
  171  18:46  Supply Depot  
  171  18:47  Supply Depot  
  171  18:53  Widow Mine  
  173  19:00  Widow Mine  
  175  19:30  Orbital Command  
  164  19:52  Liberator x3  
  164  20:03  Marine  
  164  20:04  Marine x4  
  164  20:06  Widow Mine x2  
  182  20:21  Marine x2  
  184  20:35  Liberator  
  184  20:40  SCV x3  
  187  20:47  Marine x3  
  190  20:52  SCV x2  
  195  21:06  Marine  
  195  21:07  Marine  
  195  21:09  SCV x3  
  200  21:36  Command Center  
  200  21:38  Weapon Refit  
  200  21:42  Terran Vehicle Weapons Level 3  
  200  21:46  Terran Infantry Weapons Level 2  
  200  22:10  Barracks  
  198  22:59  Factory  
  197  23:51  Missile Turret  
  197  24:02  Hi-Sec Auto Tracking  
  196  24:10  Missile Turret  
  196  24:20  Terran Ship Weapons Level 1  
  176  24:29  Missile Turret  
  145  24:52  Missile Turret  
  131  24:53  Marine x3  
  131  24:54  Marine x3  
  131  24:59  Missile Turret  
  114  25:02  Factory Tech Lab  
  108  25:11  Marine x4  
  108  25:12  Marine x2  
  110  25:21  Missile Turret  
  110  25:29  Marine x6  
  116  25:39  Widow Mine  
  116  25:40  Widow Mine  
  116  25:42  Missile Turret  
  120  25:46  Marine  
  120  25:47  Marine x5  
  126  26:02  Missile Turret  
  126  26:04  Marine x2  
  126  26:05  Marine x4  
  126  26:07  Orbital Command  
  132  26:22  Marine x2  
  132  26:23  Missile Turret  
  134  26:44  Missile Turret  
  113  27:41  SCV  
  114  27:53  SCV  
  114  27:55  Marine x2  
  114  27:56  Marine x3  
  117  28:05  SCV  
  102  28:17  SCV  
  93  28:23  Marine  
  93  28:24  Marine x5  
  98  28:29  SCV  
  99  28:37  Liberator x2  
  99  28:38  Liberator  
  99  28:41  Marine  
  99  28:42  Marine x5  
  105  28:52  Widow Mine x2  
  118  28:59  Marine x3  
  118  29:00  Marine x3  
  124  29:03  SCV  
  125  29:15  SCV  
  126  29:17  Marine x2  
  126  29:20  Liberator x3  
  126  29:21  Widow Mine  
  130  29:33  Marine x2  
  130  29:34  Marine x2  
  130  29:35  Marine  
  144  29:58  SCV  
  145  30:03  Liberator x3  
  145  30:10  SCV  
  155  30:22  SCV  
  156  30:35  SCV  
  155  30:46  Liberator x2  
  155  30:47  SCV  
  162  31:07  Missile Turret  
  162  31:19  Missile Turret  
  162  31:26  Missile Turret  
  162  31:37  SCV x2  
  162  31:38  SCV  
  165  31:49  SCV  
  165  31:50  SCV x2  
  163  32:01  SCV  
  163  32:02  SCV  
  160  32:12  Marine  
  160  32:13  Marine x4  
  165  32:30  Marine x2  
  165  32:31  Marine x3  
  170  32:39  Liberator x3  
  170  32:48  Marine x3  
  170  32:49  Marine x2  
  175  32:53  Widow Mine x2  
  188  33:06  Marine x4  
  188  33:07  Marine  
  188  33:10  Starport  
  193  33:16  Refinery  
  193  33:18  Refinery  
  194  33:21  Liberator, Widow Mine x2  
  194  33:24  Marine x3  
  199  33:42  Marine  
  200  34:03  Starport Reactor  
  144  36:20  Marine  
  144  36:21  Marine x4  
  144  36:26  Hellion x2  
  139  36:38  Marine x2  
  139  36:39  Marine x3  
  134  36:42  Liberator x5  
  125  36:47  Hellion  
  125  36:48  Hellion  
  118  36:56  Marine x3  
  118  36:57  Marine x2  
  138  37:09  Hellion x2  
  138  37:14  Marine x5  
  147  37:24  Liberator  
  147  37:25  Liberator x4  
  147  37:30  Hellion x2  
  147  37:32  Marine x5  
  156  37:41  SCV  
  172  37:50  Refinery, Marine x3  
  175  37:53  SCV, Refinery  
  176  37:59  Marine x2  
  176  38:01  Hellion  
  176  38:02  Hellion  
  176  38:05  SCV  
  183  38:07  Marine x2, Liberator  
  183  38:08  Marine  
  186  38:16  Liberator  
  186  38:17  SCV, Marine  
  188  38:23  Hellion x2  
  198  38:29  SCV  
  197  39:13  Missile Turret  
  197  39:16  Missile Turret  
  197  39:36  Missile Turret  
  197  39:56  Missile Turret  
  115  41:38  Marine x2  
  115  41:39  Marine x3  
  93  41:44  Liberator  
  93  41:45  Liberator  
  83  41:56  Battlecruiser, Marine x3  
  83  41:57  Marine x2  
  94  42:05  Widow Mine x2  
  110  42:14  Marine x4  
  110  42:15  Marine  
  99  42:27  Liberator x2  
  93  42:32  Marine x5  
  93  42:34  Widow Mine x2  
  85  42:49  Marine  
  85  42:50  Marine x4  
  94  43:08  Marine  
Tags
 
Add a new tag
Caveats
  • Supply blocks, unpowered buildings, or Contaminate may cause inaccurate times.
  • Supply counts are checked every 10 seconds.